 Dungeon Crawl Stone Soup version 0.31-a0-1405-g2bb1a01664 (webtiles) character file.

Game seed: 15197068527908037406

23632 jasper the Destroyer (level 12, -5/73 HPs)
             Began as a Deep Elf Conjurer on Dec 25, 2023.
             Was an Elder of Vehumet.
             Slain by an elephant (11 damage)
             ... on level 3 of the Lair of Beasts.
             The game lasted 00:32:42 (16948 turns).

jasper the Destroyer (Deep Elf Conjurer)           Turns: 16948, Time: 00:32:43

Health: -5/73      AC: 10    Str:  4    XL:     12   Next: 73%
Magic:  4/29       EV: 15    Int: 29    God:    Vehumet [****..]
Gold:   765        SH:  5    Dex: 13    Spells: 0/33 levels left

rFire   . . .        P - staff of conjuration
rCold   . . .        i - +0 buckler
rNeg    . . .        F - +2 robe {Will+}
rPois   +            S - +2 hat
rElec   .            w - +0 cloak
rCorr   .            r - +0 pair of gloves
SInv    .            H - +1 pair of boots
Will    ++...        (no amulet)
Stlth   ++           h - ring of poison resistance
HPRegen 0.32/turn    o - ring of wizardry
MPRegen 0.21/turn

%: wizardry (x1)
@: frozen, very slow
A: no striking features
a: Renounce Religion


You were on level 3 of the Lair of Beasts.
You worshipped Vehumet.
Vehumet was greatly pleased with you.
You visited 3 branches of the dungeon, and saw 16 of its levels.
You also visited: Sewer.

You collected 765 gold pieces.

Inventory:

Hand Weapons
 b - a +0 club of freezing
 n - a +2 whip of pain
 s - a +1 dagger of venom
 A - a +3 trident of draining
 T - a +0 shortbow
Missiles
 l - 3 atropa-tipped darts
 M - a throwing net
Armour
 a - a +0 robe
 g - a +1 helmet
 i - a +0 buckler (worn)
 r - a +0 pair of gloves (worn)
 w - a +0 cloak (worn)
 E - an orb of mayhem
 F - a +2 robe of willpower (worn)
 H - a +1 pair of boots (worn)
 J - a +2 kite shield
 S - a +2 hat (worn)
Magical Staves
 P - a staff of conjuration (weapon)
Jewellery
 h - a ring of poison resistance (left hand)
 o - a ring of wizardry (right hand)
 y - a +4 ring of slaying
 B - a +6 ring of dexterity
 R - a ring of flight
Wands
 j - a wand of polymorph (3)
 q - a wand of acid (9)
 v - a wand of flame (15)
 z - a wand of charming (8)
 N - a wand of mindburst (5)
Scrolls
 c - 4 scrolls of enchant armour
 p - 11 scrolls of teleportation
 G - 3 scrolls of poison
 O - 2 scrolls of enchant weapon
 Q - a scroll of immolation
Potions
 d - a potion of invisibility
 e - 2 potions of degeneration
 f - a potion of brilliance
 k - 4 potions of enlightenment
 m - 4 potions of magic
 t - 2 potions of berserk rage
 u - a potion of might
 x - 6 potions of haste
 C - 2 potions of heal wounds
 D - 3 potions of attraction
 I - a potion of curing
 K - a potion of lignification
 L - a potion of resistance


   Skills:
 + Level 7.7 Fighting
 + Level 6.8 Staves
 - Level 10.0 Dodging
 - Level 2.4 Stealth
 - Level 5.1 Shields
 - Level 11.0 Spellcasting
 - Level 13.0 Conjurations
 - Level 5.1 Hexes
 - Level 2.0 Ice Magic
 - Level 2.0 Air Magic
 - Level 4.8 Alchemy


You couldn't memorise any spells.
You knew the following spells:

 Your Spells              Type           Power      Damage    Failure   Level
a - Freezing Cloud        Conj/Ice/Air   32%        6-21      1%          5
b - Searing Ray           Conj           100%       2d8       1%          2
c - Fulminant Prism       Conj/Alch      40%        3d19      1%          4
d - Swiftness             Air            27%        N/A       3%          3
e - Mephitic Cloud        Conj/Alch/Air  69%        N/A       1%          3
f - Iskenderun's Mystic   Conj/Tloc      69%        2d14      1%          4
g - Yara's Violent Unrav  Hex/Alch       22%        3d10      2%          5
h - Orb of Destruction    Conj           47%        9d12      2%          7

Your spell library contained the following spells:

 Spells                   Type           Power      Damage    Failure   Level
 Lee's Rapid Deconstruct  Erth           7%         3d7*      16%         5
 Magic Dart               Conj           100%       1d8       0%          1
 Shock                    Conj/Air       100%       1d9       1%          1
 Jinxbite                 Hex            90%        N/A       1%          2
 Mercury Vapours          Alch/Air       70%        N/A       1%          2
 Tukima's Dance           Hex            45%        N/A       1%          3
 Irradiate                Conj/Alch      40%        3d25      1%          5
 Summon Small Mammal      Summ           60%        N/A       2%          1
 Summon Guardian Golem    Hex/Summ       30%        N/A       2%          3
 Volatile Blastmotes      Fire/Tloc      30%        2d12      2%          3
 Call Imp                 Summ           30%        N/A       3%          2
 Sublimation of Blood     Necr           15%        N/A       3%          2
 Airstrike                Air            13%        2d(2-18)  3%          4
 Conjure Ball Lightning   Conj/Air       36%        3x3d12    4%          6
 Call Canine Familiar     Summ           15%        N/A       8%          3
 Petrify                  Alch/Erth      30%        N/A       9%          4
 Summon Ice Beast         Ice/Summ       21%        N/A       16%         4
 Summon Mana Viper        Hex/Summ       30%        N/A       24%         5
 Spellforged Servitor     Conj/Summ      34%        N/A       30%         7
 Enfeeble                 Hex            22%        N/A       91%         7
 Summon Cactus Giant      Summ           7%         N/A       97%         6
 Discord                  Hex            22%        N/A       100%        8


Dungeon Overview and Level Annotations

Branches:
Dungeon (12/15)            Temple (1/1) D:7            Lair (3/5) D:9
 Shoals (0/4) Lair:2          Orc (0/2) D:11          Sewer (visited)
  Snake: Lair:2-3    Spider: Lair:2-3

Altars:
Ashenzari
Cheibriados
Dithmenos
Elyvilon
Fedhas
Gozag
Hepliaklqana
Makhleb
Nemelex Xobeh
Okawaru
Qazlal
Ru
Sif Muna
Trog
Uskayaw
Vehumet
Wu Jian
Xom
Yredelemnul
Zin
The Shining One

Shops:
D:3 =   D:5 (

Annotations:
D:3 exclusion: moth of wrath


Message History

The elephant is almost dead.
The elephant completely misses you.
The elephant trunk-slaps you but does no damage.
You hit the elephant but do no damage.
The elephant is almost dead.
The rime drake is engulfed in freezing vapours.
The elephant completely misses you. The elephant trunk-slaps you.
The rime drake is engulfed in freezing vapours.
You take 1 damage, and have 32/73 hp.
You hit the elephant but do no damage.
The elephant is almost dead.
The elephant misses you. The elephant closely misses you.
The rime drake is engulfed in freezing vapours.
You hit the elephant but do no damage.
The elephant is almost dead.
The elephant tramples you.
You hold your ground!
The elephant closely misses you.
You take 4 damage, and have 28/73 hp.
Aiming: Corrosive Bolt
Press: ? - help, Shift-Dir - straight line, f - rime drake
Aim: a rime drake (moderately wounded, 64% to hit)
The bolt of acid hits the rime drake!
The acid corrodes the rime drake!
The rime drake is severely wounded.
The rime drake breathes ice at you. The icy flash freeze hits you!!
* * * LOW HITPOINT WARNING * * *
You are encased in ice.
The elephant closely misses you. The elephant trunk-slaps you.
* * * LOW HITPOINT WARNING * * *
You take 22 damage, and have 6/73 hp.
MASSIVE DAMAGE!!
Aiming: Corrosive Bolt
Press: ? - help, Shift-Dir - straight line, f/p - rime drake
Aim: a rime drake (severely wounded, covered in acid, 64% to hit)
The bolt of acid hits the rime drake!
The rime drake seems to be corroded for longer.
You kill the rime drake!
Vehumet accepts your kill.
Vehumet offers you knowledge of Lee's Rapid Deconstruction.
You feel your power returning. The elephant tramples you!
You die...

#.. ..# .. ...#
...###... #...
.......... .....
.P.#.....$ .....
#........#
......##.......###
#.....#@.†.......#
.##......Y††........
.P.....○..†.........
........§...........
........°.§.........
.......☼...>........
........○..§........
.......○†........[..
...............###.#


You could see an elephant.

Vanquished Creatures
  Erolcha (D:9)
  A hydra (Lair:2)
  A boulder beetle (Lair:2)
  A two-headed ogre (D:8)
  Pikel (D:7)
  A cyclops (D:8)
  Maurice (D:9)
  5 elephants
  A water nymph (Lair:2)
  4 gargoyles (D:11)
  4 cane toads
  An unseen horror (D:11)
  A rime drake (Lair:3)
  Jeremiah (D:6)
  2 kobold demonologists
  4 komodo dragons
  A troll (D:11)
  2 hornets
  8 blink frogs
  4 shadows
  5 wyverns
  Grum (D:11)
  18 yaks
  A basilisk (Lair:2)
  2 wraiths
  Menkaure (D:6)
  An acid dragon (D:10)
  6 water moccasins
  2 black bears
  2 sky beasts (D:7)
  3 orc warriors
  An ice beast (D:6)
  2 ogres
  10 wolves
  3 centaurs
  2 kobold brigands
  10 bullfrogs
  4 scorpions
  2 gnoll sergeants
  16 wights
  9 killer bees
  7 howler monkeys
  3 electric eels (Lair:1)
  4 lava snakes (Lair:1)
  2 bombardier beetles (D:4)
  3 hounds
  9 orc priests
  Crazy Yiuf (D:3)
  2 jellies (D:8)
  3 iguanas
  12 orc wizards
  10 gnolls
  18 adders
  6 river rats (Sewer)
  3 shadow imps
  4 worms
  2 dart slugs
  43 orcs
  4 bats
  8 endoplasms
  4 giant cockroaches
  4 goblins
  5 hobgoblins
  4 jackals (D:3)
  8 kobolds
  2 quokkas
  26 ball pythons
  6 frilled lizards
  20 rats
369 creatures vanquished.

Vanquished Creatures (collateral kills)
  A bombardier beetle (D:5)
  An orc (D:5)
2 creatures vanquished.

Vanquished Creatures (others)
  A dancing weapon (D:9)
  60 fulminant prisms
61 creatures vanquished.

Grand Total: 432 creatures vanquished

Notes
Turn   | Place    | Note
-------+----------+-------------------------------------------
     0 | D:1      | jasper the Deep Elf Conjurer began the quest for the Orb.
     0 | D:1      | Reached XP level 1. HP: 10/10 MP: 6/6
   268 | D:1      | Reached XP level 2. HP: 15/15 MP: 4/8
   272 | D:1      | Reached skill level 5 in Conjurations
   725 | D:2      | Found a faded altar of an unknown god.
   936 | D:2      | Reached XP level 3. HP: 19/19 MP: 6/9
   979 | D:2      | You fall into a shaft and drop 2 floors!
  1006 | D:4      | Reached skill level 6 in Conjurations
  1006 | D:4      | Reached XP level 4. HP: 24/24 MP: 1/10
  1099 | D:4      | Learned a level 2 spell: Searing Ray
  1104 | D:4      | Learned a level 4 spell: Fulminant Prism
  1424 | D:3      | Reached skill level 1 in Alchemy
  1424 | D:3      | Reached XP level 5. HP: 28/28 MP: 7/11
  1510 | D:3      | Reached skill level 7 in Conjurations
  2479 | D:3      | Found Huywn's Jewellery Boutique.
  2557 | D:3      | Learned a level 3 spell: Swiftness
  2703 | D:3      | Noticed a moth of wrath
  2909 | D:3      | Got the Tome of Combative Jinxing
  2977 | D:3      | Reached XP level 6. HP: 32/32 MP: 6/13
  2978 | D:3      | Reached skill level 8 in Conjurations
  3051 | D:3      | Learned a level 3 spell: Tukima's Dance
  3276 | D:3      | Found a bloodstained altar of Trog.
  3601 | D:3      | Reached skill level 5 in Spellcasting
  3786 | D:3      | Found a runed translucent door.
  3787 | D:3      | Noticed Crazy Yiuf
  3792 | D:3      | Killed Crazy Yiuf
  3793 | D:3      | Reached XP level 7. HP: 36/36 MP: 12/17
  3872 | D:4      | Learned a level 4 spell: Iskenderun's Mystic Blast
  4430 | D:5      | Entered Level 5 of the Dungeon
  4436 | D:5      | Reached skill level 1 in Fighting
  4530 | D:5      | Reached XP level 8. HP: 15/44 MP: 0/21
  4538 | D:5      | Learned a level 5 spell: Yara's Violent Unravelling
  4972 | D:5      | Found a glowing drain.
  5000 | Sewer    | Entered a sewer
  5185 | Sewer    | Reached skill level 1 in Hexes
  5592 | D:5      | Found Venoziub's Weapon Shoppe.
  6164 | D:6      | Noticed Jeremiah
  6174 | D:6      | Killed Jeremiah
  6175 | D:6      | Reached skill level 5 in Hexes
  6274 | D:6      | Noticed Menkaure
  6278 | D:6      | Found a shadowy altar of Dithmenos.
  6280 | D:6      | Killed Menkaure
  6467 | D:6      | Reached XP level 9. HP: 49/49 MP: 17/23
  6482 | D:6      | Reached skill level 5 in Dodging
  6913 | D:6      | Found a basalt altar of Yredelemnul.
  6920 | D:6      | Found a blossoming altar of Fedhas.
  7519 | D:7      | Noticed Pikel
  7527 | D:7      | Killed Pikel
  7528 | D:7      | Reached skill level 10 in Spellcasting
  8067 | D:7      | Found a staircase to the Ecumenical Temple.
  8075 | Temple   | Entered the Ecumenical Temple
  8104 | Temple   | Became a worshipper of Vehumet
  8148 | D:7      | Reached XP level 10. HP: 49/57 MP: 17/26
  8410 | D:7      | Learned a level 7 spell: Orb of Destruction
  8629 | D:8      | Noticed a two-headed ogre
  8640 | D:8      | Killed a two-headed ogre
  8666 | D:7      | Reached skill level 9 in Conjurations
  9292 | D:8      | Reached skill level 10 in Conjurations
  9453 | D:8      | Noticed a cyclops
  9473 | D:8      | Killed a cyclops
  9474 | D:8      | Reached skill level 11 in Conjurations
  9648 | D:8      | Reached * piety under Vehumet
  9648 | D:8      | Offered knowledge of Sandblast by Vehumet.
  9837 | D:9      | Noticed Erolcha
 10090 | D:9      | Killed Erolcha
 10091 | D:9      | Reached skill level 12 in Conjurations
 10095 | D:9      | Noticed Maurice
 10291 | D:9      | Killed Maurice
 10292 | D:9      | Reached XP level 11. HP: 62/62 MP: 16/28
 10474 | D:9      | Found a staircase to the Lair.
 10809 | D:10     | Entered Level 10 of the Dungeon
 10993 | D:10     | Found a glowing golden altar of the Shining One.
 11539 | D:10     | Reached skill level 13 in Conjurations
 11719 | D:10     | Reached skill level 1 in Shields
 12107 | D:10     | Identified the +2 falchion "Haonuawk" {chaos, rC+ Stlth+}
 12265 | D:10     | Identified 2 scrolls of acquirement
 12265 | D:10     | Acquired a staff of conjuration
 12268 | D:10     | Acquired the Notes on the Flock and the Nimbus
 12278 | D:10     | Learned a level 5 spell: Freezing Cloud
 12380 | D:11     | Noticed Grum
 12387 | D:11     | Killed Grum
 12528 | D:11     | Found a sparkling altar of Nemelex Xobeh.
 12543 | D:11     | Found a staircase to the Orcish Mines.
 13001 | D:11     | Offered knowledge of Sting by Vehumet.
 13001 | D:11     | Reached ** piety under Vehumet
 13182 | D:11     | Reached skill level 5 in Shields
 13318 | D:11     | Reached skill level 1 in Ice Magic
 13318 | D:11     | Reached skill level 1 in Air Magic
 13516 | D:11     | Reached skill level 5 in Fighting
 13600 | D:11     | Reached skill level 1 in Staves
 14098 | Lair:1   | Entered Level 1 of the Lair of Beasts
 14137 | Lair:1   | Offered knowledge of Frozen Ramparts by Vehumet.
 14486 | Lair:1   | Reached XP level 12. HP: 37/69 MP: 12/29
 14845 | Lair:1   | Reached *** piety under Vehumet
 15855 | Lair:2   | Offered knowledge of Mephitic Cloud by Vehumet.
 15860 | Lair:2   | Learned a level 3 spell: Mephitic Cloud
 16085 | Lair:2   | Reached skill level 5 in Staves
 16264 | Lair:2   | Reached skill level 10 in Dodging
 16318 | Lair:2   | Noticed a five-headed hydra
 16327 | Lair:2   | Killed a five-headed hydra
 16397 | Lair:2   | Found a staircase to the Shoals.
 16488 | Lair:2   | Noticed a boulder beetle
 16495 | Lair:2   | Killed a boulder beetle
 16939 | Lair:3   | Reached **** piety under Vehumet
 16948 | Lair:3   | Offered knowledge of Lee's Rapid Deconstruction by Vehumet.
 16948 | Lair:3   | Slain by an elephant

Illustrated notes

Levels and vault maps discovered:
D:1:      wander_arrival_lonely_grave, layout_rooms, minmay_misc_feat_chi
D:2:      layout_basic, ebering_ecumenical_altar_abandoned
D:3:      layout_loops_ring, tgw_trog, serial_shops, shop, minmay_snake_closets,
          uniq_crazy_yiuf_cottage
D:4:      layout_gridville, eino_tiny_chamber
D:5:      layout_rooms, serial_curves, eino_curves_02, eino_curves_01,
          eino_curves_01, serial_shops, shop, portal_sewer_entry_c
D:6:      layout_cave_pools, nicolae_overflow_hidden_temple, minitemple,
          nicolae_dithmenos_shadow_blocks, kennysheep_small_spiral,
          uniq_jeremiah, uniq_menkaure
D:7:      layout_loops_ring, minmay_temple_entry_proselytizer, uniq_pikel
D:8:      layout_rooms
D:9:      layout_cave_pools, lair_entry_dummy, chequers_serial_rivers_small_b,
          serial_bayou_pond_e, nicolae_houndstooth_variations, uniq_maurice,
          uniq_erolcha
D:10:     layout_stronghold, pf_just_have_faith
D:11:     kennysheep_spiral_hall, layout_gridville, orc_0_dummy,
          nemelex_diamond_rough_becter, uniq_grum
D:12:     layout_loops_cross, lightli_corner_chamber
Temple:   kb_temple_of_zot
Lair:1:   layout_regular_city, nicolae_lair_liquid_snakes,
          infiniplex_staircase_pool_2, grunt_megastairs_3
Lair:2:   layout_chaotic_city, nicolae_shoals_entry_flooding
Lair:3:   layout_cave_shapes, spider_nest_entry_webs

Skill      XL: |  1  2  3  4  5  6  7  8  9 10 11 12 |
---------------+-------------------------------------+-----
Conjurations   | 5 6 7 8 12 13 | 13.0
Alchemy        | 1 2 4 |  4.8
Spellcasting   | 5 7 8 10 11 | 11.0
Dodging        | 3 4 7 8 10 | 10.0
Fighting       | 1 2 4 5 7 |  7.7
Hexes          | 5 |  5.1
Shields        | 5 |  5.1
Ice Magic      | 2 |  2.0
Air Magic      | 2 |  2.0
Staves         | 3 6 |  6.8
Stealth        | |  2.4

Action                     |  1- 3 |  4- 6 |  7- 9 | 10-12 || total
---------------------------+-------+-------+-------+-------++-------
  Melee: Club              |       |     4 |       |       ||     4
         Dagger            |       |    42 |    68 |    49 ||   159
         Punch             |       |       |       |     1 ||     1
         Staff             |       |       |       |    32 ||    32
  Throw: Dart              |       |       |       |     1 ||     1
   Cast: Magic Dart        |    55 |    88 |   120 |    73 ||   336
         Searing Ray       |       |    14 |    37 |    79 ||   130
         Fulminant Prism   |       |       |    19 |    41 ||    60
         Iskenderun's Myst |       |       |     3 |    38 ||    41
         Swiftness         |       |       |     2 |     1 ||     3
         Tukima's Dance    |       |       |       |     3 ||     3
         Orb of Destructio |       |       |       |    27 ||    27
         Freezing Cloud    |       |       |       |     2 ||     2
  Evoke: Wand              |       |       |     6 |    12 ||    18
    Use: Scroll            |     2 |     7 |     9 |    11 ||    29
         Potion            |     1 |       |     1 |     2 ||     4
   Stab: Sleeping          |       |     1 |       |       ||     1
 Armour: Robe              |     3 |    28 |    75 |   185 ||   291
  Dodge: Dodged            |     8 |    29 |    84 |   181 ||   302
  Block: Buckler           |       |       |       |    26 ||    26

Table legend: (Time is in decaauts)
 A = Elapsed time spent in this place.
 B = Non-inter-level travel time spent in this place.
 C = Inter-level travel time spent in this place.
 D = Time resting spent in this place.
 E = Time spent auto-exploring this place.
 F = Levels seen in this place.
 G = Mean time per level.
                   A        B        C        D        E       F      G
               +--------+--------+--------+--------+--------+-----+--------+
         Total |  17005 |  16321 |    684 |   1264 |  12672 |  17 | 1000.3 |
       Dungeon |  13525 |  12967 |    558 |   1117 |   9962 |  12 | 1127.1 |
        Temple |     58 |      2 |     56 |      0 |      0 |   1 |   58.0 |
          Lair |   2853 |   2784 |     69 |    147 |   2226 |   3 |  951.0 |
         Sewer |    568 |    568 |      0 |      0 |    484 |   1 |  568.0 |
               +--------+--------+--------+--------+--------+-----+--------+

Top non-repeatable levels by time:
     D:3: 1759 daAuts
     D:7: 1729 daAuts
    D:11: 1690 daAuts
    D:10: 1472 daAuts
  Lair:1: 1436 daAuts
  Lair:2: 1364 daAuts
     D:6: 1220 daAuts
     D:4: 1175 daAuts
     D:9: 1070 daAuts
     D:2: 1009 daAuts
     D:5: 903 daAuts
     D:8: 805 daAuts
     D:1: 665 daAuts
   Sewer: 568 daAuts
  Temple: 58 daAuts
